AoeStats
← RcL_Burn_

Arabian Desert

509197205Analyzed
1v1 RM · 7d ago on Sep 25, 2026· 23m 13s· 2 players
Game mode
Random Map
Map size
Tiny (2 player)
Population
200
Speed
Normal
Resources
Standard
Victory
Conquest
Starting age
Dark Age
Ending age
Imperial Age
RankedLock teamsTeams togetherTeam positionsShared explorationLock speedFull tech treeHidden civsTurbo modeCheats
Victory
Defeat
🇨🇱 Malians · Chile
1435
+37
🇨🇭 Aztecs · Switzerland
1490
-19
RcL_Burn_
6:11 Loom
8:52 Feudal Age
8:58 Man-at-Arms
9:33 Double-Bit Axe
14:11 Scale Mail Armor
16:00 Forging
16:31 Wheelbarrow
21:08 Castle Age
19:51 Fletching
19:44 Horse Collar
20:48 Padded Archer Armor
21:49 Squires
22:07 Chain Mail Armor
21:39 Long Swordsman
Xanthos
6:29 Loom
9:17 Feudal Age
9:27 Man-at-Arms
13:30 Double-Bit Axe
16:10 Fletching
20:26 Horse Collar
25:03 Castle Age
Connection lost

Rejoining the realm…

Still unreachable

The connection could not be restored.

Session expired

The server has moved on; the page needs a fresh start.